 Dungeon Crawl Stone Soup version 0.29.1-15-g9cfb28693d (webtiles) character file.

Game seed: 2448238305624460394

45 Inchmeat the Trooper (level 3, -2/24 HPs)
             Began as a Gargoyle Monk on Mar 7, 2023.
             Was a Believer of Makhleb.
             Killed from afar by an orc wizard (9 damage)
             ... with a magic dart
             ... on level 3 of the Dungeon.
             The game lasted 00:08:11 (2490 turns).

Inchmeat the Trooper (Gargoyle Monk)                Turns: 2490, Time: 00:08:12

Health: -2/24      AC:  5    Str: 14    XL:     3   Next: 64%
Magic:  3/3        EV: 12    Int: 10    God:    Makhleb [**....]
Gold:   129        SH:  0    Dex: 14    Spells: 2/2 levels left

rFire   . . .      SeeInvis .   a - +0 mace
rCold   . . .      Faith    .   (no shield)
rNeg    + . .      Spirit   .   b - +0 robe
rPois   ∞          Reflect  .   (no helmet)
rElec   +          Harm     .   (no cloak)
rCorr   .          Rampage  .   (no gloves)
Will    .....                   (no boots)
Stlth   ++........              (no amulet)
HPRegen 0.08/turn               (no ring)
MPRegen 0.08/turn               (no ring)

@: no status effects
A: sickness immunity, AC +3, negative energy resistance 1, electricity
resistance, torment resistance 1, petrification resistance
a: Renounce Religion, Minor Destruction


You were on level 3 of the Dungeon.
You worshipped Makhleb.
Makhleb was pleased with you.
You visited 1 branch of the dungeon, and saw 3 of its levels.

You collected 129 gold pieces.

Inventory:

Hand Weapons
 a - a +0 mace (weapon)
Armour
 b - a +0 robe (worn)
Scrolls
 d - a scroll of teleportation {unknown}
 e - a scroll of fear {unknown}
 f - a scroll of blinking {unknown}
 g - 4 scrolls of identify {unknown}
 h - a scroll of vulnerability {unknown}
Potions
 j - a potion of lignification {unknown}


   Skills:
 + Level 3.9 Fighting
 - Level 3.5 Maces & Flails
 - Level 2.7 Dodging
 - Level 2.5 Stealth


You had 2 spell levels left.
You didn't know any spells.
Your spell library was empty.

Dungeon Overview and Level Annotations

Branches:
Dungeon (3/15)

Altars:
Fedhas
Makhleb
The Shining One


Innate Abilities, Weirdness & Mutations

You are immune to sickness and miasma.
Your stone body is resilient. (AC +3)
You are immune to poison.
You resist negative energy. (rN+)
You are resistant to electric shocks. (rElec)
You are resistant to unholy torment.
You are immune to petrification.


Message History

Something hits you.
You bump into the rock wall.
You feel less invigorated. The orc barely misses you.
The orc hits you but does no damage. Something hits you.
You bump into the rock wall.
The orc hits you but does no damage. The orc barely misses you.
Something hits you but does no damage. The orc barely misses you.
The orc completely misses you. Something hits you but does no damage.
You're too confused to move!
The orc hits you but does no damage. The orc closely misses you.
Something hits you but does no damage. The orc attacks as you move away!
The orc barely misses you.
You feel less confused. The orc attacks as you move away!
The orc closely misses you. The orc attacks as you move away!
The orc closely misses you.
Found 10 gold pieces.
The orc attacks as you move away! The orc hits you with a +0 falchion.
* * * LOW HITPOINT WARNING * * *
Found a book of Displacement.
An orc wizard appears from thin air!
Reactivating autopickup.
The orc wizard casts a spell.
The orc wizard flickers and vanishes!
Deactivating autopickup; reactivate with Ctrl-A.
The orc attacks as you move away! The orc barely misses you.
The orc attacks as you move away! The orc hits you with a +0 falchion.
* * * LOW HITPOINT WARNING * * *
You hit the orc.
The orc is severely wounded.
You closely miss the orc.
The orc is severely wounded.
The orc hits you but does no damage.
Unknown command.
You thump the orc!
You kill the orc!
Makhleb accepts your kill.
You feel better.
It was a potion of curing.
You feel better. Something hits you.
* * * LOW HITPOINT WARNING * * *
A magic dart appears from out of thin air!
The magic dart hits you!
You die...

..........# #####
#.......### .....#
#######.........####.....#
.........................#
......##.....###...#...:.#
.......####### ###o#.....#
....o..# ####{).....#
.......# ##....#......
.......# #..@.........
.......# #.#...#......
......#######. ......#....
............. ......###...
....._..#............. ...
........#.###......####
_..⌠..........##...#
.............. ##.##
....._..#.#..


You could see an orc.

Vanquished Creatures
  An adder (D:2)
  A dart slug (D:2)
  2 orcs (D:3)
  3 endoplasms
  A giant cockroach (D:2)
  5 goblins (D:2)
  3 hobgoblins
  4 jackals (D:2)
  4 bats
  3 frilled lizards
  2 kobolds
  A rat (D:1)
30 creatures vanquished.

Notes
Turn   | Place    | Note
-------+----------+-------------------------------------------
     0 | D:1      | Inchmeat the Gargoyle Monk began the quest for the Orb.
     0 | D:1      | Reached XP level 1. HP: 14/14 MP: 1/1
   294 | D:1      | Reached XP level 2. HP: 13/19 MP: 2/2
  1805 | D:2      | Identified the +1 robe "Zeozuthroumn" {Int+2}
  1895 | D:2      | Found a faded altar of an unknown god.
  2112 | D:3      | Found a blossoming altar of Fedhas.
  2114 | D:3      | Found a glowing golden altar of the Shining One.
  2139 | D:2      | Reached XP level 3. HP: 20/24 MP: 3/3
  2384 | D:3      | Found a burning altar of Makhleb.
  2442 | D:3      | Became a worshipper of Makhleb the Destroyer
  2442 | D:3      | Reached * piety under Makhleb
  2442 | D:3      | Reached ** piety under Makhleb
  2455 | D:3      | HP: 1/24 [something/magic dart (8)]
  2484 | D:3      | HP: 1/24 [orc/+0 falchion (5)]
  2490 | D:3      | Killed from afar by an orc wizard

Illustrated notes

Levels and vault maps discovered:
D:1:      dpeg_arrival_castle, layout_basic, minmay_misc_feat_square
D:2:      layout_basic, hellmonk_ecumenical_altar_prayer_group,
          minmay_misc_feat_ornament
D:3:      layout_rooms, grunt_temple_overflow_open, serial_shops,
          nicolae_diamond_shop, nicolae_shop_hallway_stairs

Action                   || total
-------------------------++-------
Melee: Mace              ||    95
       Punch             ||     1
  Use: Potion            ||     3
 Stab: Sleeping          ||     2
Armor: Robe              ||    78
Dodge: Dodged            ||   145
